 Dungeon Crawl Stone Soup version bcrawl-1.40 (webtiles) character file.

Game seed: 2164168938458654921

5728994 Mehrunes the Fighter (level 18, -25/147 HPs)
             Began as a Mummy Wizard on Oct 20, 2023.
             Was the Champion of Sif Muna.
             Killed from afar by a deep elf annihilator (78 damage)
             ... with a crystal spear
             ... on level 3 of the Elven Halls on Oct 21, 2023.
             The game lasted 03:33:03 (50220 turns).

Mehrunes the Fighter (Mummy Wizard)                Turns: 50220, Time: 03:33:04

Health: -25/147    AC: 26    Str: 16      XL:     18   Next: 18%
Magic:  5/34       EV: 13    Int: 31 (32) God:    Sif Muna [******]
Gold:   2395       SH:  7    Dex: 10      Spells: 13/41 levels left

rFire    . . .     GDR:     27% K - +4 dagger "Morg" {pain, MR+ Int+12 *Curse}
rCold    + + .     SeeInvis .   s - +1 buckler
rNeg     + + +     Gourm    .   A - +5 swamp dragon scales
rPois    ∞         Faith    +   R - +2 helmet
rElec    .         Spirit   .   S - scarf of Leoroh {repulsion, rC++ MR+ Str+3 Int-3}
rCorr    .         Reflect  .   B - +0 pair of gloves
MR       ++++.     Clarity  +   j - +2 pair of boots {Fly}
Stlth    +.........             b - amulet of faith
HPRegen  0.34/turn              N - ring of fire
MPRegen  0.24/turn              C - +5 ring of protection

@: flying, repel missiles
A: no food or potions, fire vulnerability, clarity, cold resistance 1, negative
energy resistance 3, torment resistance, unbreathing, strong hexes 1
}: 1/15 runes: decaying
a: Divine Energy, Channel Magic, Forget Spell, Moment of Magic, Renounce
Religion, Stop Flying


You were on level 3 of the Elven Halls.
You worshipped Sif Muna.
Sif Muna was exalted by your worship.
You were not hungry.

You visited 7 branches of the dungeon, and saw 28 of its levels.

You collected 3350 gold pieces.
You spent 955 gold pieces at shops.

Inventory:

Hand Weapons
 m - the +1 falchion "Ysan Ade" {flame, Str+2}
   (You found it on level 11 of the Dungeon)

   It has been specially enchanted to surge with flame as it hits, increasing
   damage dealt by approximately one third against foes not resistant or
   susceptible to fire.
   Its heat also prevents any hydra heads it cuts off from regrowing.
   It affects your strength (+2).
 r - a +4 vampiric quick blade
 D - the +5 pair of quick blades "Gyre" and "Gimble" {pierce}
   (You found it on level 10 of the Dungeon)

   It will always inflict at least some extra damage.
   This minimum extra damage increases with your current reserve of magical
   power.
 J - a +0 demon blade of electrocution
 K - the +4 dagger "Morg" (weapon) {pain, MR+ Int+12 *Curse}
   (You found it on level 2 of the Shoals)

   In the hands of one skilled in necromantic magic, it inflicts extra damage on
   living creatures.
   It affects your intelligence (+12).
   It affects your resistance to hostile enchantments.
   It curses itself when equipped.
Missiles
 o - 884 poisoned tomahawks (quivered)
 u - a throwing net {=f}
Armour
 i - a +2 robe of magic recovery
 j - a +2 pair of boots of flying (worn)
 s - a +1 buckler (worn)
 A - +5 swamp dragon scales (worn)
 B - a +0 pair of gloves (worn)
 F - a +2 cloak
 P - the +6 medium shield "Kawoh" {rPois Int+3 SInv}
   (You took it off a human on level 11 of the Dungeon)

   It affects your intelligence (+3).
   It protects you from poison.
   It lets you see invisible.
 R - a +2 helmet (worn)
 S - the scarf of Leoroh (worn) {repulsion, rC++ MR+ Str+3 Int-3}
   (You acquired it on level 2 of the Elven Halls)

   It affects your strength (+3).
   It affects your intelligence (-3).
   It greatly protects you from cold.
   It affects your resistance to hostile enchantments.
 T - a scarf of stasis
Magical Staves
 H - an uncursed staff of power
 U - an uncursed staff of conjuration
Jewellery
 b - an amulet of faith (around neck)
 d - an uncursed ring of protection from magic
 f - the ring "Jaobebum" {+Blink rElec rF+ Int-3 SInv}
   (You acquired it in the Orcish Mines)

   [ring of protection from fire]

   It affects your intelligence (-3).
   It protects you from fire.
   It insulates you from electricity.
   It lets you see invisible.
   It lets you blink.
 x - an uncursed ring of protection from fire
 y - an uncursed ring of magical power
 C - a +5 ring of protection (right hand)
 N - a ring of fire (left hand)
 O - an uncursed ring of insulation
 V - an uncursed amulet of the acrobat
 W - an uncursed ring of stealth
Wands
 n - a wand of acid (33)
 t - a wand of paralysis (22)
 v - a wand of polymorph (29)
 z - a wand of disintegration (15)
 L - a wand of iceblast (32)
 X - a wand of random effects (11)
Scrolls
 a - 2 scrolls of summoning
 c - 4 scrolls of fog
 e - 3 scrolls of teleportation
 g - 7 scrolls of remove curse
 h - 4 scrolls of fear
 k - 6 scrolls of immolation
 l - 5 scrolls of enchant weapon
 p - a scroll of silence
 q - a scroll of noise
 w - a scroll of vulnerability
 I - a scroll of amnesia
 Q - a scroll of enchant armour
Miscellaneous
 E - a phial of floods
 G - a lightning rod (4/4)
 M - a phantom mirror


   Skills:
 + Level 14.5 Fighting
 - Level 6.5 Short Blades
 + Level 5.7 Armour
 - Level 9.5 Dodging
 - Level 2.1 Stealth
 + Level 7.8 Shields
 - Level 12.0 Spellcasting
 - Level 11.4 Conjurations
 - Level 8.0 Hexes
   Level 0.7 Summonings
   Level 0.7 Translocations
 + Level 13.5 Fire Magic
 - Level 2.2 Air Magic
 - Level 2.0 Earth Magic
 - Level 1.0 Poison Magic
 - Level 4.0 Invocations


You had 13 spell levels left.
You knew the following spells:

 Your Spells              Type           Power        Failure   Level  Hunger
a - Flame Tongue          Conj/Fire      #####        1%          1    N/A
b - Conjure Flame         Conj/Fire      #######.     1%          3    N/A
c - Mephitic Cloud        Conj/Pois/Air  #####...     3%          3    N/A
d - Fireball              Conj/Fire      #######...   1%          5    N/A
e - Bolt of Magma         Conj/Fire/Erth #######...   5%          5    N/A
f - Magic Dart            Conj           ####         1%          1    N/A
g - Swiftness             Chrm/Air       ####....     8%          2    N/A
h - Ignition              Hex/Fire       ########..   99%         8    N/A

Your spell library contained the following spells:

 Spells                   Type           Power        Failure   Level  Hunger
 Corona                   Hex            #######      1%          1    N/A
 Slow                     Hex            #######.     1%          1    N/A
 Sting                    Conj/Pois      ####         1%          1    N/A
 Flaming Arrows           Chrm/Fire      ######..     1%          2    N/A
 Searing Ray              Conj           ######..     1%          2    N/A
 Shock                    Conj/Air       ######.      1%          2    N/A
 Throw Frost              Conj/Ice       ######       1%          2    N/A
 Dazzling Orbs            Conj/Hex       #######      1%          3    N/A
 Inner Flame              Hex/Fire       N/A          1%          3    N/A
 Stone Arrow              Conj/Erth      ######       1%          3    N/A
 Sticky Flame             Conj/Fire      #######.     1%          4    N/A
 Ensorcelled Hibernation  Hex/Ice        ######       2%          2    N/A
 Sandblast                Erth           ####..       3%          1    N/A
 Static Discharge         Air            ####..       3%          1    N/A
 Ignite Poison            Fire/Tmut/Pois ######..     3%          3    N/A
 Spectral Weapon          Hex/Chrm       ######..     4%          3    N/A
 Lightning Bolt           Conj/Air       ######..     4%          4    N/A
 Apportation              Tloc           ###...       6%          1    N/A
 Summon Butterflies       Summ           ###.....     6%          1    N/A
 Summon Small Mammal      Summ           ###.         6%          1    N/A
 Poisonous Vapours        Pois/Air       ####..       6%          2    N/A
 Infusion                 Chrm           ###.....     8%          1    N/A
 Passwall                 Tmut/Erth      ###.....     8%          2    N/A
 Throw Icicle             Conj/Ice       ######..     8%          4    N/A
 Blink                    Tloc           N/A          9%          2    N/A
 Call Imp                 Summ           ###...       9%          2    N/A
 Song of Slaying          Chrm           ###.....     12%         2    N/A
 Sticks to Snakes         Tmut           ###.....     12%         2    N/A
 Steam Barrier            Chrm/Fire      ######....   14%         5    N/A
 Yara's Violent Unravell  Hex/Tmut       ######....   16%         4    N/A
 Call Canine Familiar     Summ           ###.....     19%         3    N/A
 Recall                   Summ/Tloc      N/A          19%         3    N/A
 Irradiate                Conj/Tmut      ######....   22%         5    N/A
 Iskenderun's Battlesphe  Conj/Chrm      ######..     22%         5    N/A
 Ozocubu's Armour         Chrm/Ice       ###.....     24%         3    N/A
 Silence                  Hex/Air        ######....   26%         5    N/A
 Airstrike                Air            ####......   32%         4    N/A
 Summon Mana Viper        Hex/Summ       ######..     36%         5    N/A
 Petrify                  Tmut/Erth      ###.......   45%         4    N/A
 Force Lance              Tloc           ###.....     52%         4    N/A
 Orb of Destruction       Conj           ######....   52%         7    N/A
 Summon Ice Beast         Ice/Summ       ###.....     56%         4    N/A
 Conjure Ball Lightning   Conj/Air       ######....   58%         6    N/A
 Agony                    Necr           ###.....     61%         4    N/A
 Animate Dead             Necr           N/A          61%         4    N/A
 Poison Arrow             Conj/Pois      ######....   67%         6    N/A
 Summon Lightning Spire   Summ/Air       ####....     77%         5    N/A
 Freezing Cloud           Ice/Air        ####....     80%         5    N/A
 Passage of Golubria      Tloc           N/A          86%         5    N/A
 Summon Demon             Summ           ###.......   86%         5    N/A
 Piercing Shot            Chrm           ###.......   91%         5    N/A
 Infestation              Hex/Tmut/Pois  ######...    98%         6    N/A
 Spellforged Servitor     Conj/Summ      ######....   99%         7    N/A
 Deflect Missiles         Chrm/Air       ####......   100%        6    N/A
 Dispersal                Tloc           ###.......   100%        6    N/A
 Summon Hydra             Summ           ###.......   100%        6    N/A
 Monstrous Menagerie      Summ           ###.......   100%        7    N/A
 Scorpion Form            Tmut/Pois      ###.......   100%        7    N/A
 Chain Lightning          Conj/Air       ######....   100%        8    N/A
 Glaciate                 Conj/Ice/Air   #####.....   100%        8    N/A
 Time Stop                Chrm/Tloc      N/A          100%        8    N/A
 Tornado                  Tloc/Air       ####......   100%        8    N/A
 Sublimation of Blood     Necr           Unusable     N/A         2    N/A
 Spider Form              Tmut/Pois      Unusable     N/A         3    N/A
 Regeneration             Chrm/Necr      Unusable     N/A         3    N/A

Dungeon Overview and Level Annotations

Branches:
Dungeon (12/12)            Temple (1/1) D:5            Lair (6/6) D:9
  Swamp (3/3) Lair:3       Shoals (2/3) Lair:2        Slime (0/5) Orc
    Orc (1/1) D:10            Elf (3/3) Lair:5       Vaults (0/3) D:11
 Depths (0/5) D:12

Altars:
Ashenzari
Cheibriados
Dithmenos
Gozag
Hepliaklqana
Kikubaaqudgha
Lugonu
Makhleb
Nemelex Xobeh
Okawaru
Qazlal
Ru
Sif Muna
Trog
Uskayaw
Vehumet
Wu Jian
Xom
Yredelemnul
Jiyva

Shops:
D:4 *   D:9 *   D:11 *   Orc [}!![   Elf:1 =}=   Elf:2 [   Shoals:1 %

Portals:
Trove: D:9 (give horn of Geryon)

Annotations:
D:4 2 runed translucent doors, yrara's ghost, amateur DsFi
D:11 exclusion: obsidian statue
D:12 3 runed translucent doors, Morbidden's ghost, journeyman FrAc
Lair:6 3 exclusions
Elf:2 3 runed doors, exclusion: 3 doors


Innate Abilities, Weirdness & Mutations

You do not eat or drink.
Your flesh is vulnerable to fire.
You are immune to poison.
You possess an exceptional clarity of mind.
Your flesh is cold resistant. (rC+)
You are immune to negative energy. (rN+++)
You are immune to unholy pain and torment.
You can survive without breathing.
Your hexes are more powerful.


Message History

The fireball engulfs the deep elf annihilator!!
The deep elf annihilator is heavily wounded.
Casting: Fireball (safe; 1% risk of failure)
Confirm with . or Enter, or press ? or * to list all spells.
You don't have enough magic to cast that spell.
The deep elf annihilator points at you and mumbles some strange words.
The poison arrow misses you.
The deep elf annihilator mumbles some strange words.
The deep elf annihilator blinks!
The deep elf annihilator mumbles some strange words.
The deep elf annihilator blinks!
You fail to use your ability.
The deep elf annihilator points at you and mumbles some strange words.
The crystal spear hits you!!
The deep elf annihilator points at you and mumbles some strange words.
The crystal spear hits you!!!
The deep elf annihilator gestures at you while chanting.
The crystal spear hits you!!!!
Ouch! That really hurt!
You die...

.########.########...# ##
#.##.........# ###
#########.##.#####...####.####
#.......#.##.##..........#...#
...#......##.##.........###..#
#..#.#..####.##.........# ##.###
.....#..# #..........### ##..#
#...##..# ####..#...#.## ##.#.##
#.......#####...@#...#..###......
##......#......#...e.....#...#.##
#...####.###.)...)e#####.##.#.##
#...# #.###..####)).....#......
##...####.#......##.).....#...##.
..........#.#..#.##..§[...#...##.
...........###............#......
............#..####..e...<#.#..##
.#....#####...#####....3..#.#..##


You could see 2 deep elf annihilators and a deep elf high priest.

Vanquished Creatures
  Bai Suzhen (Elf:3)
  Rupert (Lair:5)
  2 deep elf blademasters (Elf:3)
  2 deep elf master archers (Elf:3)
  Polyphemus (Shoals:2)
  Kirke (Shoals:2)
  A deep elf sorcerer (Elf:3)
  A juggernaut zombie (D:12)
  7 deep elf demonologists
  A deep elf annihilator (Elf:3)
  4 deep elf death magi
  A merfolk javelineer (Shoals:2)
  3 deep elf high priests (Elf:3)
  Psyche (D:8)
  4 vault guards (D:11)
  2 shambling mangroves (Swamp:2)
  An alligator snapping turtle (Shoals:1)
  Erolcha (Orc)
  27 hydras
  An ogre mage (Orc)
  2 ghost crabs (Swamp:1)
  4 catoblepae
  9 alligators
  3 merfolk avatars
  21 death yaks
  15 dancing weapons
  3 two-headed ogres
  5 sea snakes
  3 tengu warriors
  Nergalle (Orc)
  A goliath frog (Swamp:1)
  8 deep elf knights
  2 skeletal warriors
  3 death drakes
  7 swamp dragons
  2 unseen horrors
  A wolf spider zombie (D:12)
  8 deep elf archers
  A phantasmal warrior (D:12)
  3 harpies (Shoals:2)
  2 necromancers
  3 orc knights
  9 orc sorcerers (Orc)
  6 ugly things
  44 deep elf magi
  A stone giant zombie (D:12)
  4 manticores
  2 oklob plants (Orc)
  A fire giant zombie (D:12)
  2 black mambas
  6 merfolk sirens
  7 elephants
  8 will-o'-wisps (Swamp:1)
  2 fauns (Shoals:1)
  3 water nymphs
  A torpor snail (Lair:6)
  8 komodo dragons
  7 cane toads
  2 rime drakes
  An efreet (D:12)
  An eye of draining (D:5)
  3 tengu conjurers (Elf:1)
  A guardian mummy (D:12)
  5 trolls
  A meliai (D:8)
  13 merfolk
  3 tyrant leeches
  13 blink frogs
  23 slime creatures
  3 bog bodies
  2 hornets (Swamp:2)
  7 dream sheep
  A meliai zombie (D:12)
  14 hippogriffs
  5 water elementals
  2 spriggans
  Sigmund (D:6)
  A shadow (D:12)
  2 air elementals (Elf:1)
  3 wyverns
  76 yaks
  2 fire elementals
  A basilisk (shapeshifter) (D:12)
  10 humans
  A vampire (D:11)
  A fire dragon skeleton (D:12)
  2 wraiths
  3 basilisks
  A hog (Shoals:2)
  4 fire bats (Lair:2)
  A steam dragon (D:9)
  21 vampire mosquitoes
  A hungry ghost (D:11)
  12 swamp worms
  9 crocodiles
  Edmund (D:6)
  12 water moccasins
  3 large abominations (Elf:1)
  11 porcupines
  11 swamp drakes
  2 black bears
  18 orc warriors
  2 soldier ants
  3 ice beasts
  2 phantoms
  4 sky beasts
  A necrophage (D:5)
  14 ogres
  9 wolves
  12 bullfrogs
  An elf zombie (Elf:1)
  Blork the orc (D:5)
  2 earth elementals (Elf:1)
  2 centaurs
  7 scorpions
  4 jellies
  4 killer bees (D:9)
  5 wights
  3 howler monkeys
  2 electric eels (D:10)
  8 orc priests
  A lava snake (Lair:2)
  5 crimson imps
  A bullfrog zombie (D:6)
  A quasit (D:7)
  9 hounds
  29 orc wizards
  A bullfrog skeleton (D:3)
  3 iguanas
  Natasha (twice) (D:3)
  Terence (D:2)
  11 worker ants
  3 hound skeletons (D:9)
  2 worker ant zombies
  A howler monkey zombie (D:8)
  9 adders
  A shadow imp (D:12)
  2 oozes
  An adder skeleton (D:3)
  3 worms
  4 dart slugs
  6 leopard geckos
  76 orcs
  4 bats
  5 giant cockroaches
  3 goblins
  6 hobgoblins
  7 jackals (D:3)
  3 quokkas
  A ball python (D:3)
  A frilled lizard (D:1)
  A jackal skeleton (D:4)
  6 kobolds
  A quokka skeleton (D:4)
  5 rats
  4 rat zombies (D:9)
  5 fungi
  8 plants
909 creatures vanquished.

Vanquished Creatures (collateral kills)
  the Lernaean hydra (Swamp:3)
1 creature vanquished.

Vanquished Creatures (others)
  A shadow (D:10)
  A human (Shoals:2)
  An orc priest (D:9)
  A hound (D:11)
  A worker ant (D:12)
  6 bushes (D:9)
  15 fungi
  56 plants
  2 withered plants (D:12)
84 creatures vanquished.

Grand Total: 994 creatures vanquished

Notes
Turn   | Place    | Note
-------+----------+-------------------------------------------
     0 | D:1      | Mehrunes the Mummy Wizard began the quest for the Orb.
     0 | D:1      | Reached XP level 1. HP: 13/13 MP: 5/5
   199 | D:1      | Reached skill level 1 in Conjurations
   404 | D:1      | Reached XP level 2. HP: 20/20 MP: 7/7
   516 | D:1      | Reached skill level 1 in Fighting
  1233 | D:2      | Reached XP level 3. HP: 20/26 MP: 8/8
  1257 | D:2      | Learned a level 3 spell: Conjure Flame
  1261 | D:2      | Learned a level 3 spell: Mephitic Cloud
  1344 | D:2      | Noticed Terence
  1407 | D:2      | Killed Terence
  1862 | D:2      | Reached XP level 4. HP: 30/32 MP: 1/10
  2202 | D:3      | Found a basalt altar of Yredelemnul.
  2296 | D:3      | Reached XP level 5. HP: 21/38 MP: 8/12
  2341 | D:3      | Reached skill level 1 in Short Blades
  2434 | D:3      | Found a shattered altar of Ashenzari.
  2519 | D:3      | Reached skill level 1 in Poison Magic
  2587 | D:3      | Noticed Natasha
  2598 | D:3      | Killed Natasha
  2599 | D:3      | Reached skill level 2 in Fighting
  2599 | D:3      | Reached skill level 1 in Air Magic
  2766 | D:3      | Reached skill level 5 in Spellcasting
  2829 | D:3      | Reached XP level 6. HP: 22/45 MP: 3/13
  3042 | D:3      | Noticed Natasha
  3059 | D:3      | Killed Natasha
  3156 | D:3      | Found a shattered altar of Ashenzari.
  3967 | D:4      | Reached skill level 3 in Fighting
  4077 | D:4      | Reached XP level 7. HP: 52/52 MP: 10/14
  4702 | D:4      | Found Ixtett's Assorted Antiques.
  4775 | D:4      | Found a glowing golden altar of the Shining One.
  4783 | D:4      | Found a hide-covered altar of Uskayaw.
  4957 | D:4      | Found a large runed translucent door.
  4957 | D:4      | Found a large runed translucent door.
  4960 | D:4      | Noticed yrara's ghost (amateur DsFi)
  5112 | D:5      | Entered Level 5 of the Dungeon
  5207 | D:5      | Found a staircase to the Ecumenical Temple.
  5225 | D:5      | Reached skill level 4 in Fighting
  5277 | Temple   | Entered the Ecumenical Temple
  5378 | Temple   | Became a worshipper of Sif Muna the Loreminder
  5496 | D:5      | Noticed Blork the orc
  5507 | D:5      | Killed Blork the orc
  5897 | D:5      | Found a bloodstained altar of Trog.
  5897 | D:5      | Noticed an eye of draining
  5919 | D:5      | Killed an eye of draining
  5920 | D:5      | Reached XP level 8. HP: 61/61 MP: 1/15
  6186 | D:6      | Found a radiant altar of Vehumet.
  6192 | D:6      | Found an ornate altar of the Wu Jian Council.
  6358 | D:6      | Found a sparkling altar of Nemelex Xobeh.
  6358 | D:6      | Found a sacrificial altar of Ru.
  6358 | D:6      | Found a stormy altar of Qazlal.
  6358 | D:6      | Found a shimmering altar of Xom.
  6499 | D:5      | Reached skill level 5 in Fighting
  7261 | D:6      | Reached * piety under Sif Muna
  7358 | D:6      | Noticed Edmund
  7376 | D:6      | Killed Edmund
  7526 | D:6      | Reached skill level 5 in Dodging
  7526 | D:6      | Reached XP level 9. HP: 61/68 MP: 10/16
  7593 | D:6      | Noticed Sigmund
  7601 | D:6      | Killed Sigmund
  7747 | D:6      | Reached skill level 6 in Fighting
  7747 | D:6      | Reached skill level 5 in Conjurations
  7842 | D:6      | Reached skill level 5 in Short Blades
  8001 | D:6      | Found an ornate altar of the Wu Jian Council.
  9363 | D:7      | Reached skill level 7 in Fighting
  9919 | D:8      | Learned a level 5 spell: Fireball
  9924 | D:8      | Learned a level 4 spell: Sticky Flame
  9926 | D:8      | Learned a level 1 spell: Flame Tongue
  9952 | D:8      | Noticed a meliai
  9965 | D:7      | Reached ** piety under Sif Muna
 10062 | D:8      | Killed a meliai
 10063 | D:8      | Reached skill level 1 in Fire Magic
 10068 | D:8      | Noticed Psyche
 10072 | D:8      | Noticed a troll
 10098 | D:7      | Killed a troll
 10099 | D:7      | Reached XP level 10. HP: 53/79 MP: 3/17
 10286 | D:8      | Killed Psyche
 10287 | D:8      | Identified Alass's Reference Book on Dislocation and
                  | Moulding (Sif Muna gifted it to you on level 8 of the
                  | Dungeon)
 10287 | D:8      | Received a gift from Sif Muna
 10788 | D:8      | Reached skill level 8 in Fighting
 10886 | D:9      | Found a radiant altar of Vehumet.
 10912 | D:9      | Reached *** piety under Sif Muna
 11465 | D:9      | Found a staircase to the Lair.
 11487 | D:9      | Reached skill level 5 in Fire Magic
 11505 | D:9      | Reached **** piety under Sif Muna
 11537 | D:9      | Reached skill level 9 in Fighting
 11604 | D:9      | Found a glowing silver altar of Zin.
 11604 | D:9      | Found Zin's Purification Station.
 11647 | D:9      | Reached XP level 11. HP: 89/89 MP: 17/18
 11676 | D:9      | Found an ancient bone altar of Kikubaaqudgha.
 12065 | D:9      | Found a portal to a secret trove of treasure.
 12198 | D:10     | Entered Level 10 of the Dungeon
 12276 | D:10     | Noticed a two-headed ogre
 12286 | D:10     | Killed a two-headed ogre
 12557 | D:10     | Found the +5 pair of quick blades "Gyre" and "Gimble"
                  | {pierce}
 12780 | D:10     | Noticed a red ugly thing
 12903 | D:10     | Noticed a skeletal warrior
 13224 | D:10     | Killed a red ugly thing
 13225 | D:10     | Reached ***** piety under Sif Muna
 13311 | D:10     | Noticed a green ugly thing
 13331 | D:10     | Identified Sif Muna's Catalogue of Frigorific Air (Sif Muna
                  | gifted it to you on level 10 of the Dungeon)
 13331 | D:10     | Received a gift from Sif Muna
 13334 | D:11     | Noticed a two-headed ogre
 13696 | D:10     | Killed a skeletal warrior
 14000 | D:10     | Killed a green ugly thing
 14060 | D:10     | Found a staircase to the Orcish Mines.
 14551 | Lair:1   | Entered Level 1 of the Lair of Beasts
 14608 | Lair:1   | Noticed a six-headed hydra
 14870 | Lair:1   | Reached skill level 1 in Invocations
 14872 | Lair:1   | Noticed an eight-headed hydra
 14886 | Lair:1   | Killed an eight-headed hydra
 15235 | Lair:1   | Reached ****** piety under Sif Muna
 15522 | Lair:1   | Reached XP level 12. HP: 97/97 MP: 19/19
 15657 | Lair:1   | Reached skill level 10 in Fighting
 16242 | Lair:2   | Received a gift from Sif Muna
 16756 | Lair:2   | Learned a level 2 spell: Swiftness
 18203 | Lair:3   | Noticed an eight-headed hydra
 18213 | Lair:3   | Killed an eight-headed hydra
 18250 | Lair:3   | Noticed a four-headed hydra
 18267 | Lair:3   | Killed a four-headed hydra
 18782 | Lair:3   | Found a staircase to the Swamp.
 19048 | Lair:3   | Reached XP level 13. HP: 104/104 MP: 20/20
 19787 | Lair:3   | Identified Sif Muna's Guide on Mutagenic Weightlessness
                  | (Sif Muna gifted it to you on level 3 of the Lair of
                  | Beasts)
 19787 | Lair:3   | Received a gift from Sif Muna
 20470 | Lair:4   | Reached skill level 11 in Fighting
 21524 | Lair:5   | Reached skill level 10 in Conjurations
 21752 | Lair:5   | Reached skill level 10 in Fire Magic
 22045 | Lair:5   | Noticed Rupert
 22363 | D:11     | Got an encrusted falchion
 22979 | D:11     | Identified the +6 medium shield "Kawoh" {rPois Int+3 SInv}
 22984 | D:11     | Reached XP level 14. HP: 106/114 MP: 21/22
 23091 | D:11     | Found Lyru's Assorted Antiques.
 23643 | D:11     | Reached skill level 12 in Fighting
 23668 | D:11     | Bought a scroll labeled VEASKOODURR for 29 gold pieces
 23668 | D:11     | Bought a scroll labeled VEASKOODURR for 29 gold pieces
 24012 | D:11     | Identified Sif Muna's Guide on Attacks (Sif Muna gifted it
                  | to you on level 11 of the Dungeon)
 24012 | D:11     | Received a gift from Sif Muna
 24024 | D:11     | Learned a level 5 spell: Bolt of Magma
 24557 | D:11     | Found a gate to the Vaults.
 25007 | D:12     | Entered Level 12 of the Dungeon
 25011 | D:12     | Found a staircase to the Depths.
 25240 | D:11     | Bought a scroll of teleportation for 87 gold pieces
 25537 | D:12     | Reached skill level 1 in Earth Magic
 26516 | Swamp:1  | Entered Level 1 of the Swamp
 28376 | Swamp:1  | Got a pitted gossamer ring
 29000 | Swamp:1  | Identified a scroll of acquirement
 29001 | Swamp:1  | Identified the +11 shortbow of the Eight Demons {elec,
                  | rElec} (You acquired it on level 1 of the Swamp)
 29001 | Swamp:1  | Identified the +2 scale mail of Yrorupri {rN++ Stlth+} (You
                  | acquired it on level 1 of the Swamp)
 29001 | Swamp:1  | Identified the ring "Tyney" {Fire rN+} (You acquired it on
                  | level 1 of the Swamp)
 29215 | Swamp:1  | Identified Sif Muna's Witchcraft, Part Three (Sif Muna
                  | gifted it to you on level 1 of the Swamp)
 29215 | Swamp:1  | Received a gift from Sif Muna
 30088 | Swamp:2  | Got an ancient rapier
 30089 | Swamp:2  | Identified the ring of Kaitups {Ice Stlth+} (You found it
                  | on level 1 of the Swamp)
 30316 | Swamp:2  | Reached XP level 15. HP: 122/122 MP: 15/27
 31354 | Swamp:3  | Entered Level 3 of the Swamp
 32040 | Lair:5   | Found a staircase to the Elven Halls.
 32580 | Lair:5   | Reached skill level 13 in Fighting
 32581 | Lair:5   | Reached skill level 1 in Shields
 32622 | Lair:5   | Killed Rupert
 33094 | Lair:6   | Entered Level 6 of the Lair of Beasts
 33852 | Lair:6   | Identified the +1 rapier "Sojiun" {flame, rPois Str+4} (You
                  | found it on level 2 of the Swamp)
 34904 | Lair:6   | Identified Sif Muna's Handbook of Fire (Sif Muna gifted it
                  | to you on level 6 of the Lair of Beasts)
 34904 | Lair:6   | Received a gift from Sif Muna
 35108 | Orc      | Entered the Orcish Mines
 35565 | Orc      | Identified the +0 cloak of the Barnacle {rPois Stlth+} (You
                  | acquired it in the Orcish Mines)
 35565 | Orc      | Identified the ring "Jaobebum" {+Blink rElec rF+ Int-3
                  | SInv} (You acquired it in the Orcish Mines)
 35567 | Orc      | Found Zuefufreagh's Armour Shoppe.
 36035 | Orc      | Found a viscous altar of Jiyva.
 36135 | Orc      | Found a staircase to the Slime Pits.
 36619 | Orc      | Found Ecim's Gadget Shoppe.
 36684 | Orc      | Found a radiant altar of Vehumet.
 36684 | Orc      | Noticed Erolcha
 36697 | Orc      | Killed Erolcha
 36779 | Orc      | Found Nacvypy's Distillery.
 36784 | Orc      | Noticed Nergalle
 36792 | Orc      | Killed Nergalle
 36956 | Orc      | Found a roughly hewn altar of Beogh.
 36956 | Orc      | Found Tati's Antique Armour Emporium.
 37008 | Orc      | Found an ancient bone altar of Kikubaaqudgha.
 37031 | Orc      | Found Kaicuuh's Distillery.
 37249 | Orc      | Bought a pair of glowing boots for 210 gold pieces
 37272 | Orc      | Learned a level 8 spell: Ignition
 37780 | Swamp:3  | Reached XP level 16. HP: 132/132 MP: 21/28
 37866 | Swamp:3  | Reached skill level 1 in Hexes
 38373 | Swamp:3  | Identified Memnircho's Catalogue of Summoning (Sif Muna
                  | gifted it to you on level 3 of the Swamp)
 38373 | Swamp:3  | Received a gift from Sif Muna
 38781 | Swamp:3  | Reached skill level 14 in Fighting
 38812 | Swamp:3  | Reached skill level 5 in Shields
 38969 | Swamp:3  | Identified the +1 falchion "Ysan Ade" {flame, Str+2} (You
                  | found it on level 11 of the Dungeon)
 38969 | Swamp:3  | Got a decaying rune of Zot
 38981 | Swamp:3  | Noticed the 27-headed Lernaean hydra
 39243 | Orc      | Bought a phantom mirror for 300 gold pieces
 39547 | Swamp:3  | Killed the 27-headed Lernaean hydra
 39583 | Swamp:3  | Reached skill level 1 in Armour
 39895 | Shoals:1 | Entered Level 1 of the Shoals
 40152 | Shoals:1 | Found Huesufeb's Food Shop.
 40848 | Shoals:1 | Reached skill level 5 in Hexes
 41064 | Shoals:2 | Noticed Kirke
 41069 | Shoals:2 | Noticed a sphinx
 41069 | Shoals:2 | Killed Kirke
 41327 | Shoals:2 | Found the cursed +4 dagger "Morg" {pain, MR+ Int+12 *Curse}
 41408 | Shoals:2 | Identified Sif Muna's Almanac of Attacks (Sif Muna gifted
                  | it to you on level 2 of the Shoals)
 41408 | Shoals:2 | Received a gift from Sif Muna
 41796 | Shoals:2 | Noticed Polyphemus
 42072 | Orc      | Bought a phantom mirror for 300 gold pieces
 42404 | Shoals:2 | Killed Polyphemus
 44978 | D:12     | Reached XP level 17. HP: 102/139 MP: 10/30
 45118 | D:12     | Found a runed translucent gate.
 45118 | D:12     | Found a runed translucent gate.
 45118 | D:12     | Found a runed translucent gate.
 45119 | D:12     | Noticed Morbidden's ghost (journeyman FrAc)
 45568 | Elf:1    | Entered Level 1 of the Elven Halls
 46087 | Elf:1    | Reached skill level 10 in Spellcasting
 46496 | Elf:1    | Received a gift from Sif Muna
 46938 | Elf:1    | Noticed a Shadow Fiend
 47417 | Elf:1    | Identified the Volume of Sinister Magic
 47590 | Elf:1    | Found Niloasak's Gadget Shop.
 47591 | Elf:1    | Found Variosku's Jewellery Emporium.
 47591 | Elf:1    | Found Qiannahu's Jewellery Emporium.
 47943 | Elf:2    | Found Cyubb's Antique Armour Shop.
 48334 | Elf:2    | Found a runed gate.
 48334 | Elf:2    | Found a runed gate.
 48334 | Elf:2    | Found a runed gate.
 48438 | Elf:2    | Identified the scarf of Leoroh {repulsion, rC++ MR+ Str+3
                  | Int-3} (You acquired it on level 2 of the Elven Halls)
 48438 | Elf:2    | Identified the amulet of Qoanaypt {Reflect +Inv SH+4
                  | Stlth+} (You acquired it on level 2 of the Elven Halls)
 48487 | Elf:3    | Entered Level 3 of the Elven Halls
 49079 | Elf:3    | Reached skill level 5 in Armour
 49206 | Elf:3    | Found a radiant altar of Vehumet.
 49240 | Elf:3    | Noticed Bai Suzhen
 49305 | Elf:3    | Killed Bai Suzhen
 49696 | Elf:3    | Identified Sif Muna's Tome of Changing and Feathers (Sif
                  | Muna gifted it to you on level 3 of the Elven Halls)
 49696 | Elf:3    | Received a gift from Sif Muna
 49822 | Elf:3    | Noticed a deep elf blademaster
 49956 | Elf:3    | Killed a deep elf blademaster
 49957 | Elf:3    | Reached XP level 18. HP: 108/147 MP: 12/33
 50040 | Elf:3    | Identified the +11 dire flail of the World {crush, Dex+4}
 50042 | Elf:3    | Noticed a Brimstone Fiend
 50047 | Elf:3    | Noticed a Shadow Fiend
 50220 | Elf:3    | Killed from afar by a deep elf annihilator

Skill      XL: |  1  2  3  4  5  6  7  8  9 10 11 12 13 14 15 16 17 18 |
---------------+-------------------------------------------------------+-----
Conjurations   | 1 2 3 4 5 7 9 10 11 | 11.4
Fighting       | 1 2 3 4 5 7 9 10 11 12 13 14 | 14.5
Dodging        | 2 3 4 5 6 7 8 9 |  9.5
Short Blades   | 1 2 3 4 5 6 |  6.5
Poison Magic   | 1 |  1.0
Air Magic      | 1 2 |  2.2
Spellcasting   | 5 8 9 11 12 | 12.0
Fire Magic     | 1 5 7 9 10 11 12 13 | 13.5
Invocations    | 2 4 |  4.0
Earth Magic    | 2 |  2.0
Shields        | 4 6 7 |  7.8
Hexes          | 6 7 8 |  8.0
Armour         | 3 5 |  5.7
Stealth        | |  2.1
Summonings     | |  0.7
Translocations | |  0.7

Action                   |  1- 3 |  4- 6 |  7- 9 | 10-12 | 13-15 | 16-18 || total
-------------------------+-------+-------+-------+-------+-------+-------++-------
Melee: Falchion          |    25 |    20 |    38 |       |       |       ||    83
       Staff             |     4 |       |     5 |     2 |    12 |       ||    23
       Short sword       |    23 |   186 |   176 |    42 |       |       ||   427
       Pair of quick bla |       |       |       |   127 |   338 |       ||   465
       Demon blade       |       |       |       |       |     4 |       ||     4
       Quick blade       |       |       |       |       |    33 |       ||    33
       Dagger            |       |       |       |       |       |    41 ||    41
Throw: Tomahawk          |       |       |    17 |     2 |       |       ||    19
 Cast: Magic Dart        |    43 |    44 |   217 |    31 |     1 |       ||   336
       Mephitic Cloud    |     1 |    12 |    37 |    42 |    13 |     3 ||   108
       Conjure Flame     |       |     1 |    20 |    34 |     8 |    10 ||    73
       Flame Tongue      |       |       |       |   255 |    22 |       ||   277
       Sticky Flame      |       |       |       |    33 |    21 |       ||    54
       Fireball          |       |       |       |    76 |   247 |   209 ||   532
       Bolt of Magma     |       |       |       |       |   265 |   312 ||   577
       Swiftness         |       |       |       |       |     2 |       ||     2
Invok: Channel Magic     |       |       |       |       |    24 |    33 ||    57
       Divine Energy     |       |       |       |       |       |     3 ||     3
 Abil: Stop Flying       |       |       |       |       |     1 |       ||     1
       Evoke Blink       |       |       |       |       |     1 |       ||     1
       Evoke Flight      |       |       |       |       |     1 |       ||     1
Evoke: Wand              |       |       |     2 |     3 |       |       ||     5
       Phantom mirror    |       |       |       |       |       |     1 ||     1
  Use: Scroll            |       |     2 |     7 |    10 |    25 |    12 ||    56
 Stab: Sleeping          |     3 |     2 |       |       |       |       ||     5
       Confused          |       |     3 |    11 |    13 |    10 |       ||    37
Armor: Robe              |     8 |    64 |    90 |    59 |   178 |    81 ||   480
       Swamp dragon scal |       |       |       |       |       |    92 ||    92
Dodge: Dodged            |    27 |   143 |   228 |   166 |   248 |   198 ||  1010
       Deflected         |       |       |       |       |       |     6 ||     6
Block: Medium shield     |       |       |       |       |    21 |       ||    21
       Buckler           |       |       |       |       |    23 |   106 ||   129
